 Dungeon Crawl Stone Soup version 0.28.0-53-g5a82cb258f (webtiles) character file.

Game seed: 4940552618382033854

1094 kudzoo the Cleaver (level 8, -2/70 HPs)
             Began as a Hill Orc Fighter on July 30, 2022.
             Slain by an orc warrior
             ... wielding a +0 trident
              (11 damage)
             ... on level 6 of the Dungeon.
             The game lasted 00:47:33 (3947 turns).

kudzoo the Cleaver (Hill Orc Fighter)               Turns: 3947, Time: 00:47:33

Health: -2/70      AC: 13    Str: 19    XL:     8   Next: 31%
Magic:  8/8        EV:  9    Int:  8    God:
Gold:   208        SH:  5    Dex: 12    Spells: 7/7 levels left

rFire   + + .      SeeInvis .   a - +5 hand axe
rCold   + . .      Faith    .   c - +0 buckler
rNeg    . . .      Spirit   .   j - +1 plate armour {rF+}
rPois   .          Reflect  .   (no helmet)
rElec   .          Harm     .   s - scarf {rC+ rF+}
rCorr   .          Rampage  .   (no gloves)
Will    .....                   (no boots)
Stlth   ..........              (no amulet)
HPRegen 0.21/turn               k - +4 ring of evasion
MPRegen 0.11/turn               (no ring)

@: mighty
A: no striking features
a: no special abilities


You were on level 6 of the Dungeon.
You visited 1 branch of the dungeon, and saw 7 of its levels.
You also visited: Ossuary.

You collected 208 gold pieces.

Inventory:

Hand Weapons
 a - a +5 hand axe (weapon)
 b - the +9 hunting sling "Qybluweh" {freeze, rElec}
   (You found it on level 4 of the Dungeon)

   Any ammunition fired from it freezes those it strikes, dealing additional
   cold damage.
   It can also slow down cold-blooded creatures.
   rElec:     It insulates you from electricity.
 g - a +0 trident
 v - a +4 hand axe
 w - a +0 war axe
 G - a +2 falchion of venom
 I - a +4 long sword
 J - a +3 spear
 K - a +4 halberd
Missiles
 h - 109 sling bullets
 i - 148 stones (quivered)
 l - 5 poisoned darts
 r - 47 arrows
 B - a boomerang
Armour
 c - a +0 buckler (worn)
 d - an orb of energy
 j - a +1 plate armour of fire resistance (worn)
 p - a +2 ring mail of cold resistance
 s - a scarf of resistance (worn)
Jewellery
 k - a +4 ring of evasion (left hand)
 t - a ring of protection from fire
Wands
 u - a wand of digging (5)
Scrolls
 m - 2 scrolls of vulnerability {unknown}
 o - 2 scrolls of amnesia {unknown}
 y - a scroll of magic mapping {unknown}
 z - a scroll of fog {unknown}
 A - a scroll of silence {unknown}
 C - 2 scrolls of enchant armour {unknown}
 F - a scroll of fear {unknown}
 H - a scroll of blinking {unknown}
Potions
 e - a potion of mutation {unknown}
 f - a potion of lignification {unknown}
 n - 2 potions of curing {unknown}
 q - 2 potions of might
 x - a potion of resistance {unknown}
 D - a potion of heal wounds {unknown}
 E - a potion of ambrosia {unknown}


   Skills:
 + Level 5.7 Fighting
 + Level 9.7 Axes
 + Level 1.3 Slings
 + Level 5.4 Armour
 + Level 0.1 Dodging
 + Level 4.2 Shields


You had 7 spell levels left.
You didn't know any spells.
Your spell library contained the following spells:

 Spells                   Type           Power      Damage    Failure   Level
 Shock                    Conj/Air       0%         1d3       100%        1
 Passwall                 Tmut/Erth      0%         N/A       100%        2
 Swiftness                Air            0%         N/A       100%        3
 Airstrike                Air            0%         N/A       100%        4
 Leda's Liquefaction      Hex/Erth       0%         N/A       100%        4
 Lee's Rapid Deconstruct  Erth           0%         3d5*      100%        5
 Lightning Bolt           Conj/Air       0%         1d11      100%        5
 Statue Form              Tmut/Erth      0%         N/A       100%        6


Dungeon Overview and Level Annotations

Branches:
Dungeon (7/15)            Ossuary (visited)
 Temple: D:4-7

Altars:
Dithmenos
Hepliaklqana

Shops:
D:6 *   D:7 *


Message History

The wight hits you with a +2 long sword.
You hit the wight.
You destroy the wight!
The orc warrior hits you from afar with a +0 trident.
You barely miss the necrophage. The orc warrior completely misses you.
You slash the necrophage!
The necrophage is moderately damaged.
The necrophage hits you but does no damage.
You block the orc warrior's attack.
You hit the necrophage.
The necrophage is heavily damaged.
You block the necrophage's attack. The orc warrior barely misses you.
You slash the necrophage!
The necrophage is almost destroyed.
The necrophage barely misses you. The orc warrior closely misses you.
You barely miss the necrophage.
The necrophage is almost destroyed.
You block the necrophage's attack.
The orc warrior hits you from afar with a +0 trident!
You hit the necrophage.
You destroy the necrophage!
The orc warrior hits you from afar with a +0 trident.
The orc warrior hits you from afar with a +0 trident!
The orc warrior hits you but does no damage.
Things that are here:
a +2 long sword; a +0 robe; a necrophage corpse You completely miss the orc warrior.
The orc warrior barely misses you.
You barely miss the orc warrior.
You hit the orc warrior but do no damage.
The orc warrior barely misses you.
You hit the orc warrior.
The orc warrior is moderately wounded.
The orc warrior hits you with a +0 trident!
* * * LOW HITPOINT WARNING * * *
You feel very mighty all of a sudden. You block the orc warrior's attack.
You hit the orc warrior.
The orc warrior is moderately wounded.
The orc warrior hits you with a +0 trident!
You die...

#.# ##.#...####
#######.###.........#
....................#
.##.###.###.........# #.#
#.# ####...#### #.# #.#
#...# # # #.# #.#
####...###### #.#.##(###.#
#...........#
##...#...##@###.###.#####.#
..........o..##.# #.# #.#
.#.##...##..##.# #.# #.#
##.###..##.# #.# #.#
#......##.# #.# #.#
#######..##.# #.# #<#
.........##.###.#####.#
##n###...##........[).#
#...######.#######


You could see an orc warrior.

Vanquished Creatures
  A black bear (D:6)
  An ice beast (D:6)
  A necrophage (D:6)
  An ogre (D:6)
  A scorpion (D:5)
  A water moccasin zombie (D:6)
  6 wights (D:6)
  3 centaur zombies
  A hound (D:4)
  A jelly (D:6)
  3 orc wizards (D:6)
  A howler monkey zombie (D:6)
  2 adders
  A shadow imp (D:6)
  A white imp (D:5)
  An adder zombie (Ossuary)
  3 worms
  2 dart slugs
  4 orcs
  11 bats
  9 endoplasms
  A giant cockroach (D:1)
  7 goblins
  5 hobgoblins
  13 jackals
  4 kobolds
  3 quokkas
  4 ball pythons
  2 frilled lizards
  5 hobgoblin zombies (Ossuary)
  7 kobold zombies (Ossuary)
  10 orc zombies (Ossuary)
  5 rats
  2 rat zombies (Ossuary)
123 creatures vanquished.

Notes
Turn   | Place    | Note
-------+----------+-------------------------------------------
     0 | D:1      | kudzoo the Hill Orc Fighter began the quest for the Orb.
     0 | D:1      | Reached XP level 1. HP: 19/19 MP: 1/1
   223 | D:1      | Reached XP level 2. HP: 27/27 MP: 2/2
   267 | D:1      | Reached skill level 3 in Axes
   613 | D:1      | Reached XP level 3. HP: 33/33 MP: 3/3
   934 | D:2      | Found a shadowy altar of Dithmenos.
  1042 | D:4      | Reached skill level 4 in Axes
  1042 | D:4      | Reached XP level 4. HP: 41/41 MP: 4/4
  1048 | D:5      | Entered Level 5 of the Dungeon
  1057 | D:5      | Noticed a scorpion
  1064 | D:5      | Killed a scorpion
  1065 | D:5      | Reached skill level 5 in Axes
  1065 | D:5      | Reached XP level 5. HP: 43/47 MP: 5/5
  1083 | D:4      | Found a sand-covered staircase.
  1106 | Ossuary  | Entered an ossuary
  1434 | Ossuary  | Reached skill level 6 in Axes
  2073 | D:3      | Reached XP level 6. HP: 54/55 MP: 6/6
  2195 | D:3      | Found a faded altar of an unknown god.
  2502 | D:4      | Identified the +9 hunting sling "Qybluweh" {freeze, rElec}
  2765 | D:4      | Reached skill level 5 in Fighting
  2995 | D:6      | Found a hazy altar of Hepliaklqana.
  3003 | D:7      | Found Nosmenim's Assorted Antiques.
  3055 | D:7      | Got the Collected Works on Flying Transmutation
  3095 | D:6      | Reached skill level 7 in Axes
  3162 | D:6      | Reached XP level 7. HP: 54/61 MP: 7/7
  3364 | D:6      | Reached skill level 8 in Axes
  3387 | D:6      | Reached skill level 1 in Slings
  3416 | D:6      | Found Winampegohu's Elemental Accessories.
  3464 | D:6      | Reached skill level 5 in Armour
  3562 | D:6      | Reached XP level 8. HP: 14/69 MP: 8/8
  3859 | D:6      | Reached skill level 9 in Axes
  3947 | D:6      | Slain by an orc warrior

Illustrated notes

Levels and vault maps discovered:
D:1:      lightli_arrival_boilingwater, layout_basic, minivault_27
D:2:      layout_loops_ring, basic_altar
D:3:      layout_loops_ring, shapermc_ecumenical_altar_starsandcircs
D:4:      layout_basic, lightli_ossuary_entry_decrepit_ruins
D:5:      minmay_diamond_boxcup, layout_layer_cave, minmay_temple_entry_waves,
          serial_shops, shop_statue
D:6:      layout_loops_ring, nzn_hepliaklqana_mist_gate,
          minmay_misc_feat_four_crosses, minmay_shop_enchanted_jewellery,
          kennysheep_decorative_pillar, nicolae_elemental_shop,
          serial_park_tiny_pond, st_stairs_3
D:7:      cheibrodos_barr_body, layout_loops_corners, serial_shops,
          nicolae_shop_temple_entry_statues_fountains, shop, ebering_ghost_xom,
          nicolae_underground_beach

Skill      XL: |  1  2  3  4  5  6  7  8 |
---------------+-------------------------+-----
Axes           | 3 4 5 6 7 8 9 |  9.7
Fighting       | 4 5 |  5.7
Armour         | 4 5 |  5.4
Shields        | 4 |  4.2
Slings         | 1 |  1.3
Dodging        | |  0.1

Action                   |  1- 3 |  4- 6 |  7- 9 || total
-------------------------+-------+-------+-------++-------
Melee: War axe           |    88 |   139 |       ||   227
       Hand axe          |       |    45 |    82 ||   127
 Fire: Hunting sling     |       |     5 |       ||     5
  Use: Potion            |       |     1 |     2 ||     3
Armor: Scale mail        |    21 |       |       ||    21
       Plate armour      |    26 |   133 |    25 ||   184
Dodge: Dodged            |    32 |    57 |    34 ||   123
Block: Buckler           |    19 |    39 |    22 ||    80
